 Dungeon Crawl Stone Soup version 0.20-a0-629-gc37eb77 (webtiles) character file.

112 seren the Gusty (level 4, 0/24 HPs)
             Began as a Tengu Air Elementalist on Feb 10, 2017.
             Slain by a leopard gecko (5 damage)
             ... on level 1 of the Dungeon.
             The game lasted 00:13:23 (2802 turns).

seren the Gusty (Tengu Air Elementalist)            Turns: 2802, Time: 00:13:24

Health: 0/24       AC:  2    Str:  8    XL:     4   Next: 93%
Magic:  5/10       EV: 13    Int: 16    God:
Gold:   59         SH:  0    Dex: 15    Spells: 4/10 levels left

rFire    . . .     SeeInvis .   h - +0 whip
rCold    . . .     Gourm    .   a - +0 robe
rNeg     . . .     Faith    .   (no shield)
rPois    .         Spirit   .   (helmet restricted)
rElec    .         Reflect  .   (no cloak)
rCorr    .         Harm     .   (no gloves)
MR       .....                  (boots unavailable)
Stlth    ++........             d - amulet of inaccuracy (curse)
Regen    0.1/turn               (no ring)
                                (no ring)

@: no status effects
A: beak, talons 3
a: no special abilities


You were on level 1 of the Dungeon.
You were not hungry.

You visited 1 branch of the dungeon, and saw 2 of its levels.

You collected 59 gold pieces.

Inventory:

Hand Weapons
 e - a +0 mace
 h - a +0 whip (weapon)
 p - a +1 vampiric hand axe
Armour
 a - a +0 robe (worn)
Jewellery
 d - a cursed amulet of inaccuracy (around neck)
 g - an uncursed ring of protection from cold {unknown}
Scrolls
 j - 2 scrolls of enchant weapon
 o - a scroll of teleportation
Potions
 f - 2 potions of cancellation
 i - a potion of might
 k - a potion of agility {unknown}
 m - a potion of heal wounds {unknown}
 n - 2 potions of curing
Books
 b - a book of Air

   Spells                             Type                      Level
   a - Shock                          Conjuration/Air              1
   b - Swiftness                      Charms/Air                   2
   c - Static Discharge               Conjuration/Air              3
   d - Airstrike                      Air                          4
   e - Lightning Bolt                 Conjuration/Air              5
Comestibles
 c - 2 bread rations
 l - 4 fruits
 q - a royal jelly


   Skills:
 - Level 2.1 Dodging
 - Level 2.0 Stealth
 + Level 3.5 Spellcasting
 - Level 3.1 Conjurations
 - Level 5.0 Air Magic


You had 4 spell levels left.
You knew the following spells:

 Your Spells              Type           Power        Failure   Level  Hunger
a - Shock                 Conj/Air       ###.         4%          1    None
b - Swiftness             Chrm/Air       ##......     12%         2    ##.....
c - Static Discharge      Conj/Air       ###.....     12%         3    ###....


Dungeon Overview and Level Annotations

Branches:
Dungeon (2/15)

Altars:


Innate Abilities, Weirdness & Mutations

You have a beak for a mouth.
You have claws for feet.


Message History

Press: ? - help, Shift-Dir - straight line, f/p - leopard gecko
Aim: a leopard gecko (lightly wounded, clinging)
The zap misses the leopard gecko.
The leopard gecko bites you. The leopard gecko bites you.
* * * LOW HITPOINT WARNING * * *
You see here a club.
The leopard gecko barely misses you.
You see here a runed scale mail.
There is a stone staircase leading up, spattered with blood here.
The leopard gecko closely misses you.
You climb upwards.
There is a stone staircase leading down here.
There is a stone staircase leading down here.
The leopard gecko misses you. The leopard gecko barely misses you.
The leopard gecko bites you.
* * * LOW HITPOINT WARNING * * *
The leopard gecko bites you but does no damage.
The leopard gecko bites you.
You die...

#............#......
#.##########.#.##### #.# #.#.#
#######.### #.#.##### #.........#
#>#.##... #.#####.#.# #>#.##.##
#.#...#.#.## #.#.##.#. ##
#.#.#.#.l..#######.#.##.#. .#
#.#.#....@.#.......#....#. .#
#)#.######.#.#####......#. .#
#.#.# #.#..............
########.#.######.#..####......#.
.........#........#.....'......#.
####.##.##.########....##.....##.
................# #.....'.....##.
................###...###.....###
##############...##...###.....#..


You could see a leopard gecko.

Vanquished Creatures
  Terence (D:2)
  Jessica (D:2)
  A worm (D:2)
  2 dart slugs
  2 leopard geckos (D:2)
  6 bats (D:1)
  3 giant cockroaches (D:1)
  9 goblins
  7 hobgoblins
  A jackal (D:1)
  A quokka (D:2)
  6 kobolds
  7 rats
47 creatures vanquished.

Notes
Turn   | Place    | Note
-------+----------+-------------------------------------------
     0 | D:1      | seren the Tengu Air Elementalist began the quest for the Orb.
     0 | D:1      | Reached XP level 1. HP: 10/10 MP: 4/4
   271 | D:1      | Reached XP level 2. HP: 15/15 MP: 1/6
   976 | D:1      | Reached XP level 3. HP: 18/19 MP: 4/7
  1732 | D:1      | Reached skill level 5 in Air Magic
  1739 | D:1      | Learned a level 2 spell: Swiftness
  1743 | D:1      | Learned a level 3 spell: Static Discharge
  2046 | D:2      | Noticed Terence
  2235 | D:2      | Noticed Jessica
  2410 | D:2      | Killed Terence
  2410 | D:2      | Reached XP level 4. HP: 2/24 MP: 1/9
  2714 | D:2      | Killed Jessica
  2802 | D:1      | Slain by a leopard gecko

Vault maps used:
D:1:      lordsloth_arrival_two_stooges, serial_bayou_pond_b
D:2:      minmay_fountain_box, minmay_pentomino_u2, uniq_terence, uniq_jessica

Skill      XL: |  1  2  3 |
---------------+----------+-----
Conjurations   | 2 3 |  3.1
Air Magic      | 5 |  5.0
Spellcasting   | 3 |  3.5
Dodging        | |  2.1
Stealth        | |  2.0

Action                   |  1- 3 |  4- 6 || total
-------------------------+-------+-------++-------
Melee: Unarmed           |    39 |       ||    39
       Kick              |    14 |       ||    14
       Peck              |     8 |       ||     8
       Whip              |    33 |       ||    33
 Cast: Shock             |    97 |    14 ||   111
       Swiftness         |     1 |       ||     1
       Static Discharge  |     1 |       ||     1
  Use: Scroll            |     6 |       ||     6
       Potion            |     1 |       ||     1
 Stab: Sleeping          |     2 |       ||     2
  Eat: Chunk             |     5 |     2 ||     7
       Fruit             |     1 |       ||     1
Armor: Robe              |    19 |     2 ||    21
Dodge: Dodged            |    72 |    15 ||    87
